Map: Simulacrum LE

Players

Mxl - Winner!

  • Race: Protoss Protoss
  • Spawn Location: 11:00

Nicebrew

  • Race: Protoss Protoss
  • Spawn Location: 5:00

VOD

Have the link to the VOD?

Description

Time

  • Played on: March 30, 2020, 2:30 p.m.
  • Length: 15:45
Show
View Real Time Build Order
Export as new Build Order

Mxl Protoss - Winner!

Build Orders: Phoenix Opening, Carriers 

Get SALT Encoding   

  12  0:02  Probe  
  13  0:14  Probe  
  14  0:22  Pylon  
  14  0:27  Probe  
  15  0:40  Probe  
  16  0:48  Gateway  
  16  0:55  Forge  
  16  1:03  Probe  
  17  1:09  Assimilator  
  17  1:15  Probe  
  18  1:20  Assimilator  
  18  1:27  Probe  
  19  1:41  Probe  
  20  1:54  Nexus  
  20  1:58  Pylon  
  20  2:06  Cybernetics Core  
  20  2:14  Probe  
  21  2:26  Probe  
  22  2:36  Pylon  
  22  2:41  Assimilator  
  22  2:54  Stargate  
  22  3:04  Assimilator  
  22  3:07  Probe  
  24  3:12  Probe  
  24  3:19  Probe  
  25  3:21  Pylon  
  25  3:25  Probe  
  26  3:28  Pylon  
  26  3:31  Probe  
  27  3:37  Photon Cannon, Probe  
  28  3:43  Probe  
  28  3:46  Phoenix  
  31  3:49  Probe  
  32  3:55  Probe  
  32  4:01  Probe  
  34  4:06  Photon Cannon  
  34  4:08  Probe  
  35  4:11  Photon Cannon  
  35  4:13  Probe  
  36  4:20  Probe  
  36  4:22  Phoenix  
  39  4:25  Probe  
  40  4:32  Probe  
  41  4:41  Fleet Beacon  
  41  4:44  Probe  
  42  4:56  Probe  
  43  5:08  Probe  
  44  5:20  Probe  
  45  5:32  Probe  
  45  5:35  Carrier  
  52  5:44  Probe  
  53  6:01  Stargate  
  53  6:18  Nexus  
  53  6:22  Pylon  
  53  6:24  Assimilator  
  53  6:29  Assimilator  
  53  6:39  Carrier  
  59  6:40  Pylon  
  59  6:42  Photon Cannon  
  59  6:44  Photon Cannon  
  59  6:49  Photon Cannon  
  59  6:56  Pylon  
  59  6:57  Pylon  
  59  7:07  Shield Battery  
  59  7:11  Shield Battery  
  59  7:21  Photon Cannon  
  59  7:23  Photon Cannon  
  59  7:27  Shield Battery  
  59  7:33  Photon Cannon  
  59  7:40  Probe  
  60  7:47  Probe  
  61  7:52  Mothership  
  61  7:53  Probe  
  61  7:54  Carrier  
  76  7:59  Probe  
  76  8:01  Carrier  
  76  8:05  Probe  
  84  8:12  Probe  
  85  8:52  Stalker  
  87  8:58  Carrier  
  93  9:04  Pylon  
  93  9:05  Carrier  
  93  9:07  Pylon  
  99  9:12  Pylon  
  99  9:22  Stalker  
  101  9:43  Twilight Council  
  101  9:48  Robotics Facility  
  101  9:52  Stalker  
  103  9:56  Photon Cannon  
  103  9:57  Photon Cannon  
  103  10:03  Photon Cannon, Carrier  
  103  10:05  Photon Cannon  
  109  10:09  Carrier  
  115  10:17  Stargate  
  115  10:22  Stalker  
  115  10:26  Stargate  
  117  10:28  Photon Cannon  
  117  11:07  Carrier  
  123  11:13  Tempest  
  128  11:22  Nexus  
  128  11:26  Pylon  
  128  11:30  Pylon  
  128  11:33  Assimilator  
  128  11:35  Assimilator  
  128  11:39  Pylon  
  128  11:42  Pylon  
  128  11:50  Photon Cannon  
  128  11:52  Photon Cannon  
  128  11:56  Photon Cannon, Tempest  
  128  11:59  Photon Cannon  
  133  12:03  Photon Cannon  
  133  12:04  Photon Cannon  
  133  12:07  Photon Cannon  
  133  12:11  Tempest  
  133  12:12  Photon Cannon  
  138  12:18  Photon Cannon  
  138  12:22  Photon Cannon  
  138  12:25  Shield Battery  
  138  12:28  Shield Battery  
  138  12:34  Shield Battery  
  138  12:44  Probe  
  139  12:56  Probe  
  140  13:08  Probe  
  140  13:09  Carrier  
  147  13:14  Anion Pulse-Crystals  
  147  13:51  Charge  
  147  14:09  Carrier  
  153  14:11  Carrier  
  153  14:13  Carrier  
  153  14:15  Carrier  
  171  14:19  Unknown  
  171  14:54  Pylon  
  171  14:56  Pylon  
  171  15:07  Photon Cannon  
Show
View Real Time Build Order
Export as new Build Order

Nicebrew Protoss 

Build Orders:  

Get SALT Encoding   

  12  0:02  Probe (Chrono Boost)  
  13  0:38  Probe  
  13  0:39  Pylon  
  14  0:50  Probe  
  15  0:58  Assimilator  
  15  1:02  Probe (Chrono Boost)  
  16  1:10  Gateway  
  16  1:14  Probe (Chrono Boost)  
  17  1:19  Probe (Chrono Boost)  
  18  1:28  Probe  
  19  1:40  Probe  
  20  1:52  Probe  
  21  2:03  Cybernetics Core  
  21  2:05  Probe  
  22  2:11  Nexus  
  22  2:17  Probe (Chrono Boost)  
  22  2:18  Pylon  
  23  2:33  Assimilator  
  23  2:35  Probe (Chrono Boost)  
  23  2:37  Pylon  
  24  2:44  Probe  
  24  2:47  Pylon  
  24  2:48  Warp Gate  
  25  2:51  Pylon  
  25  2:56  Probe  
  26  3:02  Robotics Facility  
  26  3:03  Robotics Facility  
  26  3:39  Probe (Chrono Boost)  
  27  3:50  Probe (Chrono Boost)  
  27  3:55  Probe (Chrono Boost)  
  29  4:05  Probe  
  29  4:07  Gateway  
  30  4:10  Gateway  
  30  4:13  Gateway  
  30  4:16  Pylon  
  30  4:17  Probe  
  31  4:29  Probe  
  31  4:30  Immortal  
  36  4:41  Probe  
  36  4:43  Assimilator  
  37  4:45  Assimilator  
  37  5:09  Immortal  
  41  5:49  Immortal  
  45  5:51  Robotics Bay  
  45  6:16  Warp Prism  
  47  6:28  Pylon  
  47  6:31  Pylon  
  47  6:43  Probe  
  48  6:50  Zealot x2  
  48  6:51  Zealot x2  
  48  6:52  Warp Prism (Chrono Boost)  
  58  6:55  Probe  
  59  7:07  Probe  
  60  7:19  Probe  
  60  7:22  Warp Prism (Chrono Boost)  
  65  7:23  Immortal (Chrono Boost)  
  67  7:31  Probe  
  68  7:53  Warp Prism  
  68  7:55  Stargate  
  70  7:59  Colossus  
  77  8:05  Probe  
  77  8:19  Probe (Chrono Boost)  
  78  8:29  Warp Prism, Probe (Chrono Boost)  
  78  8:34  Probe (Chrono Boost)  
  82  8:45  Probe  
  83  8:52  Colossus  
  89  8:55  Nexus  
  89  8:57  Probe  
  89  9:00  Assimilator  
  90  9:04  Pylon  
  90  9:08  Pylon  
  90  9:29  Nexus  
  90  9:31  Assimilator, Probe  
  91  9:33  Assimilator  
  91  9:35  Probe  
  91  9:37  Pylon  
  92  9:39  Pylon  
  92  9:42  Pylon  
  92  9:43  Probe  
  92  9:44  Pylon  
  93  9:48  Probe  
  94  9:55  Probe  
  95  10:00  Probe  
  95  10:01  Fleet Beacon  
  96  10:07  Probe  
  96  10:09  Forge  
  96  10:10  Probe  
  96  10:12  Probe  
  100  10:21  Probe (Chrono Boost)  
  100  10:22  Probe (Chrono Boost)  
  102  10:28  Probe (Chrono Boost)  
  102  10:33  Probe (Chrono Boost)  
  103  10:38  Probe (Chrono Boost)  
  104  10:48  Probe  
  105  11:00  Probe  
  106  11:07  Colossus  
  106  11:10  Colossus  
  118  11:39  Probe (Chrono Boost)  
  119  11:51  Probe (Chrono Boost)  
  121  11:56  Probe (Chrono Boost)  
  121  11:57  Mothership (Chrono Boost), Probe (Chrono Boost)  
  121  12:00  Colossus  
  136  12:04  Colossus  
  144  12:10  Probe (Chrono Boost)  
  144  12:11  Probe (Chrono Boost)  
  144  12:17  Probe (Chrono Boost)  
  144  12:18  Probe  
  144  12:22  Probe  
  147  12:29  Probe  
  148  12:30  Probe  
  148  12:34  Probe  
  150  12:41  Probe  
  150  12:42  Probe  
  152  12:46  Probe  
  153  12:53  Probe (Chrono Boost)  
  153  12:54  Colossus  
  153  12:55  Probe (Chrono Boost)  
  161  13:02  Probe (Chrono Boost)  
  163  13:11  Probe (Chrono Boost)  
  163  13:12  Probe (Chrono Boost)  
  165  13:14  Probe (Chrono Boost)  
  153  13:35  Probe  
  154  13:47  Colossus, Probe  
  161  13:59  Probe  
  162  14:11  Probe  
  163  14:31  Zealot x2  
  163  14:32  Zealot x2  
  171  14:41  Gravitic Drive  
  171  15:01  Probe  
  172  15:20  Probe x2  
  172  15:23  Probe x2  
Tags
 
Composition
Carriers
Matchup
PvP
Spawn Locations
Cross Positions
Add a new tag
Caveats
  • Supply blocks, unpowered buildings, or Contaminate may cause inaccurate times.
  • Supply counts are checked every 10 seconds.